AoeStats
← 鄙人張麻子

QS Arena

503778069Analyzed
4v4 RM · 1mo ago on Sep 2, 2026· 47m 8s· 8 players
Game mode
Random Map
Map size
Large (8 player)
Population
200
Speed
Normal
Resources
Standard
Victory
Conquest
Starting age
Dark Age
Ending age
Imperial Age
RankedLock teamsTeams togetherTeam positionsShared explorationLock speedFull tech treeHidden civsTurbo modeCheats
Victory
Defeat
🇮🇳 Mongols · India
1258
+11
🇩🇪 Vikings · Germany
1172
+15
🇺🇸 Turks · United States
1162
+15
🇨🇳 Magyars · China
1082
+19
🇹🇼 Britons · Taiwan
1169
-16
🇨🇳 Franks · China
1156
-15
🇹🇼 Ethiopians · Taiwan
1139
-15
🇹🇼 Lithuanians · Taiwan
1126
-14
diudiudiu丶
9:23 Feudal Age
7:39 Loom
13:44 Castle Age
12:00 Double-Bit Axe
13:57 Wheelbarrow
13:47 Gold Mining
14:54 Bow Saw
20:07 Fletching
21:21 Squires
21:06 Gambesons
27:59 Husbandry
28:05 Scale Barding Armor
28:26 Hand Cart
32:23 Gold Shaft Mining
35:07 Imperial Age
33:22 Chain Barding Armor
33:13 Forging
36:24 Plate Barding Armor
36:25 Iron Casting
38:11 Conscription
37:29 Cavalier
39:37 Paladin
42:51 Elite Skirmisher
samlina228855
7:05 Feudal Age
7:34 Double-Bit Axe
7:32 Horse Collar
14:55 Castle Age
15:59 Loom
16:28 Bow Saw
18:17 Heavy Plow
34:33 Fortified Wall
37:49 Gold Mining
37:50 Stone Mining
39:47 Stone Shaft Mining
43:14 Wheelbarrow
45:57 Imperial Age
43:52 Husbandry
44:04 Bloodlines
45:06 Scale Barding Armor
45:12 Forging
45:57 Cavalier
Liam
8:17 Feudal Age
6:49 Loom
8:47 Feudal Age
9:57 Town Watch
14:18 Castle Age
16:24 Fletching
18:57 Horse Collar
19:30 Double-Bit Axe
24:33 Wheelbarrow
29:39 Imperial Age
27:42 Bodkin Arrow
27:48 Padded Archer Armor
30:59 Conscription
31:27 Bracer
33:52 Elite Longbowman
34:53 Warwolf
37:30 Pikeman
38:10 Squires
38:04 Halberdier
46:44 Elite Skirmisher
鄙人張麻子
8:12 Feudal Age
11:57 Castle Age
9:50 Horse Collar
9:57 Double-Bit Axe
13:03 Bow Saw
13:09 Heavy Plow
17:49 Town Watch
19:38 Wheelbarrow
21:46 Hand Cart
21:59 Loom
27:17 Imperial Age
24:33 Loom
24:43 Gold Mining
26:45 Padded Archer Armor
27:20 Heavy Scorpion
28:21 Torsion Engines
29:24 Chemistry
28:30 Siege Engineers
29:05 Gold Shaft Mining
28:48 Scale Mail Armor
30:01 Ballistics
29:52 Masonry
30:38 Chain Mail Armor
30:34 Forging
30:49 Conscription
30:39 Caravan
31:00 Halberdier
31:41 Squires
32:34 Stone Mining
33:26 Plate Mail Armor
33:31 Iron Casting
35:18 Sappers
37:15 Blast Furnace
43:12 Guilds
Borad
4:05 Loom
6:21 Feudal Age
7:18 Double-Bit Axe
10:41 Horse Collar
14:32 Fletching
19:13 Castle Age
20:20 Bow Saw
21:46 Heavy Plow
26:03 Wheelbarrow
25:22 Gold Mining
25:43 Stone Mining
30:22 Imperial Age
28:10 Town Watch
28:26 Bodkin Arrow
28:32 Padded Archer Armor
29:41 Stone Shaft Mining
30:05 Gold Shaft Mining
30:08 Thumb Ring
30:42 Leather Archer Armor
30:53 Husbandry
31:04 Bloodlines
31:22 Hand Cart
31:17 Bracer
31:50 Ballistics
32:26 Conscription
32:23 Leather Archer Armor
32:00 Capped Ram
33:38 Drill
32:52 Siege Ram
35:21 Elite Mangudai
39:05 Caravan
39:35 Coinage
40:55 Banking
47:07 Onager
Akane
2:34 Loom
9:44 Feudal Age
10:31 Horse Collar
10:37 Double-Bit Axe
13:36 Castle Age
20:19 Gold Mining
23:22 Wheelbarrow
23:32 Fletching
23:42 Padded Archer Armor
24:14 Bodkin Arrow
26:48 Leather Archer Armor
26:40 Thumb Ring
26:57 Ballistics
27:55 Hand Cart
31:56 Gold Shaft Mining
33:31 Town Watch
37:58 Imperial Age
35:54 Corvinian Army
35:30 Light Cavalry
36:14 Husbandry
36:24 Bloodlines
37:35 Scale Barding Armor
39:04 Stone Mining
40:26 Chain Barding Armor
39:49 Heavy Cavalry Archer
40:54 Parthian Tactics
39:52 Elite Magyar Huszar
40:47 Recurve Bow
41:07 Conscription
41:31 Bracer
42:02 Ring Archer Armor
42:07 Plate Barding Armor
42:46 Chemistry
43:58 Bow Saw
45:18 Hoardings
Sirto
8:39 Feudal Age
13:07 Castle Age
11:04 Double-Bit Axe
11:22 Loom
11:32 Horse Collar
14:32 Bow Saw
15:22 Pikeman
16:49 Scale Mail Armor
18:52 Squires
19:38 Gambesons
20:39 Arson
20:36 Man-at-Arms
21:29 Forging
35:01 Coinage
37:47 Chain Mail Armor
38:09 Iron Casting
38:59 Heavy Plow
42:40 Long Swordsman
44:54 Chieftains
47:07 Fletching
shaggy
3:34 Loom
8:51 Feudal Age
12:22 Castle Age
10:24 Horse Collar
10:54 Double-Bit Axe
14:02 Bow Saw
15:09 Loom
19:19 Wheelbarrow
19:47 Heavy Plow
21:19 Stone Mining
21:20 Gold Mining
21:25 Town Watch
24:55 Gold Shaft Mining
24:31 Fletching
27:32 Imperial Age
26:00 Bodkin Arrow
26:30 Ballistics
26:10 Murder Holes
26:39 Scale Barding Armor
27:04 Sipahi
27:38 Hand Cart
27:25 Town Patrol
28:13 Bracer
28:38 Bombard Tower
28:43 Ballistics
28:50 Bloodlines
28:47 Husbandry
28:56 Heavy Camel Rider
31:04 Chain Barding Armor
30:55 Forging
31:53 Artillery
32:15 Conscription
33:19 Iron Casting
36:06 Plate Barding Armor
43:40 Caravan
47:08 Blast Furnace
Connection lost

Rejoining the realm…

Still unreachable

The connection could not be restored.

Session expired

The server has moved on; the page needs a fresh start.